 Dungeon Crawl Stone Soup version 0.27.0-1-g7a089689b8 (webtiles) character file.

Game seed: 6580172992111340229

80 Spaninq the Poker (level 4, -1/33 HPs)
             Began as a Mummy Wanderer on Aug 9, 2021.
             Slain by a kobold brigand (3 damage)
             ... in a sewer.
             The game lasted 00:07:29 (2730 turns).

Spaninq the Poker (Mummy Wanderer)                  Turns: 2730, Time: 00:07:30

Health: -1/33      AC:  2    Str: 19    XL:     4   Next: 18%
Magic:  6/6        EV: 11    Int:  7    God:
Gold:   40         SH:  0    Dex: 12    Spells: 5/5 levels left

rFire    x . .     SeeInvis .   a - +2 dagger
rCold    + . .     Faith    .   (no shield)
rNeg     + + +     Spirit   .   e - +0 robe
rPois    ∞         Reflect  .   (no helmet)
rElec    .         Harm     .   (no cloak)
rCorr    .         Rampage  .   (no gloves)
Will     .....                  (no boots)
Stlth    +.........             (no amulet)
HPRegen  0.11/turn              (no ring)
MPRegen  0.10/turn              (no ring)

@: no status effects
A: cold resistance 1, negative energy resistance 3, torment resistance 2, heat
vulnerability 1, no potions
a: no special abilities


You were in a sewer.
You visited 1 branch of the dungeon, and saw 4 of its levels.
You also visited: Sewer.

You collected 40 gold pieces.

Inventory:

Hand Weapons
 a - a +2 dagger (weapon)
 d - a +0 spear
Missiles
 b - 2 curare-tipped darts (quivered)
 f - 16 poisoned darts
 h - 8 datura-tipped darts
Armour
 e - a +0 robe (worn)
 l - a +0 buckler
Scrolls
 c - a scroll of teleportation
 g - a scroll of enchant armour {unknown}
 i - a scroll of identify {unknown}
 j - a scroll of noise {unknown}
 k - a scroll of amnesia {unknown}


   Skills:
 + Level 2.3 Fighting
 * Level 3.6 Polearms
 + Level 1.8 Throwing
 - Level 1.0 Dodging
 - Level 1.3 Spellcasting
 - Level 1.5 Summonings


You had 5 spell levels left.
You didn't know any spells.
Your spell library contained the following spells:

 Spells                   Type           Power      Damage    Failure   Level
 Corona                   Hex            0%         N/A       38%         1
 Ensorcelled Hibernation  Hex/Ice        0%         N/A       52%         2
 Tukima's Dance           Hex            0%         N/A       77%         3


Dungeon Overview and Level Annotations

Branches:
Dungeon (4/15)              Sewer (1/1)
 Temple: D:4-7

Altars:

Shops:
D:2 *!=[

Annotations:
D:2 Natasha


Innate Abilities, Weirdness & Mutations

You are immune to poison.
Your flesh is cold resistant. (rC+)
You are immune to negative energy. (rN+++)
You are immune to unholy pain and torment.
You are vulnerable to heat. (rF-)
You do not drink.


Message History

The kobold closely misses you.
A rat comes into view.
The kobold throws a poisoned dart.
The poisoned dart closely misses you.
The kobold brigand throws a poisoned dart.
The poisoned dart closely misses you.
The kobold hits the plant with a +0 club.
The plant begins to die.
You hit the kobold.
The kobold is severely wounded.
The kobold hits the plant with a +0 short sword.
The kobold barely misses you.
The kobold hits the plant with a +0 club.
You miss the kobold.
The kobold is severely wounded.
The kobold hits the plant with a +0 short sword.
The kobold barely misses you.
The kobold hits the plant with a +0 club.
You hit the kobold.
You kill the kobold!
The kobold hits the plant with a +0 club.
You hit the kobold.
The kobold is severely wounded.
A nearby plant withers and dies.
The kobold hits you but does no damage.
You hit the kobold.
You kill the kobold!
The kobold brigand is no longer moving slowly.
The kobold brigand hits you with a +0 club.
* * * LOW HITPOINT WARNING * * *
Throw: 3 darts (curare)
Press: ? - help, Q - select action, (/) - cycle Shift-Dir - straight line, f/p - kobold brigand
Aim: a kobold brigand, wielding a +0 dagger and quivering poisoned darts (moderately wounded, poisoned, 50% to hit)
You throw a curare-tipped dart.
The curare-tipped dart hits the kobold brigand.
The kobold brigand is poisoned.
The kobold brigand convulses.
The kobold brigand seems to slow down.
The kobold brigand is heavily wounded.
The kobold hits you with a +0 club.
* * * LOW HITPOINT WARNING * * *
The kobold brigand hits you with a +0 club.
You die...

######≈≈≈#
#...!#†≈≈#
#..∩.#≈≈≈#
#!?..#≈≈≈#
#..(?#≈≈≈#
##''##≈≈≈#
#....#≈≈≈#
###K..P#≈≈≈#
#@K..≈≈≈≈≈≈#
##Kr.≈≈≈≈≈≈#
#...≈≈#≈≈≈#
#....≈≈#≈≈≈#
#......#≈≈≈#
#......#≈≈≈≈≈
#......#≈≈≈≈≈≈
#..P...#≈≈≈≈P.
##.....#


You could see 2 kobold brigands, a kobold and a rat.

Vanquished Creatures
  2 adders (D:3)
  3 dart slugs (D:1)
  4 ball pythons
  5 endoplasms
  4 giant cockroaches
  A goblin (D:1)
  7 hobgoblins (D:1)
  4 jackals (D:1)
  A quokka (D:1)
  4 bats
  3 frilled lizards
  7 kobolds
  6 rats
51 creatures vanquished.

Vanquished Creatures (others)
  A plant (Sewer)
1 creature vanquished.

Grand Total: 52 creatures vanquished

Notes
Turn   | Place    | Note
-------+----------+-------------------------------------------
     0 | D:1      | Spaninq the Mummy Wanderer began the quest for the Orb.
     0 | D:1      | Spaninq set off with the following items: a +2 dagger, 4
                  | curare-tipped darts, a scroll of teleportation, a +0 spear,
                  | a +0 robe
     0 | D:1      | Reached XP level 1. HP: 15/15 MP: 2/2
   336 | D:1      | Reached XP level 2. HP: 21/21 MP: 4/4
   612 | D:1      | Reached skill level 3 in Polearms
   964 | D:1      | Reached XP level 3. HP: 22/27 MP: 5/5
  1698 | D:2      | Noticed Natasha
  1869 | D:2      | Found Plog's Distillery.
  2120 | D:2      | Found Raunukk's Armour Boutique.
  2172 | D:2      | Found Hoquaduc's Jewellery Shoppe.
  2187 | D:2      | Found Bowov's Assorted Antiques.
  2225 | D:2      | You fall into a shaft and drop 2 floors!
  2638 | D:3      | Found a glowing drain.
  2664 | D:3      | Reached XP level 4. HP: 33/33 MP: 6/6
  2681 | Sewer    | Entered a sewer
  2711 | Sewer    | Noticed a kobold brigand
  2711 | Sewer    | Noticed a kobold brigand
  2730 | Sewer    | Slain by a kobold brigand

Illustrated notes

Levels and vault maps discovered:
D:1:      sevenhm_arrival_forest_fort_small_4, layout_basic
D:2:      layout_loops_corners, serial_shops, shop, nicolae_shop_trees,
          nicolae_shop_statue_plus, nicolae_diamond_shop, nicolae_shop_stone,
          uniq_natasha
D:3:      minmay_recursive_quarters, layout_basic,
          hellmonk_ecumenical_altar_heavens_door, gup_sewer_entry_glass
D:4:      layout_basic, mainiacjoe_overflow_alcove_3, minmay_temple_entry_tees,
          hangedman_decor_clover_reticule, uniq_pikel
Sewer:    kennysheep_pipe_town

Skill      XL: |  1  2  3 |
---------------+----------+-----
Polearms       | 3 |  3.6
Fighting       | 2 |  2.3
Throwing       | |  1.8
Dodging        | |  1.0
Spellcasting   | |  1.3
Summonings     | |  1.5

Action                   |  1- 3 |  4- 6 || total
-------------------------+-------+-------++-------
Melee: Dagger            |   148 |    24 ||   172
Throw: Dart              |    16 |     3 ||    19
  Use: Scroll            |     1 |       ||     1
 Stab: Sleeping          |     1 |       ||     1
Armor: Robe              |    32 |     7 ||    39
Dodge: Dodged            |    75 |    28 ||   103
